 Dungeon Crawl Stone Soup version 0.21.1-1-g345015fe64 (webtiles) character file.

805 Kejsarherre the Fighter (level 7, -4/64 HPs)
             Began as a Demonspawn Monk on Apr 30, 2018.
             Slain by a killer bee (5 damage)
             ... on level 4 of the Dungeon.
             The game lasted 00:17:17 (3577 turns).

Kejsarherre the Fighter (Demonspawn Monk)           Turns: 3577, Time: 00:17:17

Health: -4/64      AC:  4    Str: 14    XL:     7   Next: 60%
Magic:  7/7        EV: 13    Int: 11    God:
Gold:   161        SH:  0    Dex: 18    Spells: 6/6 levels left

rFire    . . .     SeeInvis .   b - +3 hunting sling (freeze)
rCold    . . .     Gourm    .   (no shield)
rNeg     . . .     Faith    .   n - +2 robe {MR+}
rPois    +         Spirit   .   (helmet restricted)
rElec    .         Reflect  .   (no cloak)
rCorr    .         Harm     .   (no gloves)
MR       +....                  (no boots)
Stlth    +++.......             (no amulet)
HPRegen  0.20/turn              d - ring of poison resistance
MPRegen  0.10/turn              p - +3 ring of strength

@: lethally poisoned (-4 -> -12)
A: antennae 1, claws 1, nightstalker 1
a: no special abilities


You were on level 4 of the Dungeon.
You were near starving.

You visited 1 branch of the dungeon, and saw 4 of its levels.

You collected 161 gold pieces.

Inventory:

Hand Weapons
 a - a +0 dagger
 b - a +3 hunting sling of freezing (weapon)
 s - a +0 falchion
Missiles
 l - 118 stones (quivered)
 m - 41 sling bullets
Armour
 h - a +1 robe
 n - a +2 robe of magic resistance (worn)
 q - a +0 helmet
Jewellery
 d - a ring of poison resistance (left claw)
 p - a +3 ring of strength (right claw)
Wands
 j - a wand of acid (12)
Scrolls
 e - 2 scrolls of magic mapping {unknown}
 f - a scroll of remove curse
 g - a scroll of fear {unknown}
 i - a scroll of amnesia
 o - a scroll of noise {unknown}
 r - a scroll of teleportation
 t - a scroll of identify
 u - a scroll of enchant armour
Potions
 k - a potion of curing {unknown}
Comestibles
 c - 8 rations


   Skills:
 - Level 9.1 Fighting
 - Level 2.6 Long Blades
 - Level 2.6 Dodging
 - Level 1.7 Stealth


You had 6 spell levels left.
You didn't know any spells.

Dungeon Overview and Level Annotations

Branches:
Dungeon (4/15)
 Temple: D:4-7

Altars:
Gozag
Sif Muna
Trog
Zin


Innate Abilities, Weirdness & Mutations

You have a pair of small antennae on your head.
You have sharp fingernails.
You are slightly more attuned to the shadows.


Message History

You shoot a stone. The stone barely misses the killer bee.
You feel sick. The killer bee stings you.
* * * LOW HITPOINT WARNING * * *
The killer bee stings you but does no damage.
The killer bee closely misses you.
Firing (i - inventory. (,) - cycle):
l - 120 stones (quivered)
Press: ? - help, Shift-Dir - straight line, f/p - killer bee
Aim: a killer bee (moderately wounded)
You shoot a stone. The stone misses the killer bee.
The killer bee barely misses you. The killer bee stings you.
* * * LOW HITPOINT WARNING * * *
You are more poisoned.
The killer bee poisons you!
Firing (i - inventory. (,) - cycle):
l - 119 stones (quivered)
Press: ? - help, Shift-Dir - straight line, f/p - killer bee
Aim: a killer bee (moderately wounded)
You shoot a stone. The stone misses the killer bee.
* * * LOW HITPOINT WARNING * * *
You feel sick. The killer bee barely misses you. The killer bee stings you.
You die...

... #.# #.#.#.#.#
#.#.#.#.# ..# ....#.#.#
..# #.###.#.# #.# #
........# #.#.#
#.###...########.#.####
....#..........#.......
#.#.#..#######.#@#
....#..#........y#
#.###..#..####.#.#
.......#..####.#.#
.............#.#.#
#.#.##.#####.#.#(. #
#......# #.### #
#......# #.. # #.##.###


You could see a killer bee.

Vanquished Creatures
  The ghost of Tegun the Skirmisher, an amateur OgSk (D:3)
  An ogre (D:4)
  The ghost of Timinator the Digger, an amateur GrEE (D:4)
  A bullfrog (D:4)
  4 killer bees (D:4)
  A howler monkey (D:4)
  A bullfrog skeleton (D:4)
  An orc wizard (D:4)
  Jessica (D:2)
  A worker ant (D:4)
  6 gnolls
  2 adders
  An ooze (D:2)
  A worm (D:3)
  2 dart slugs (D:1)
  8 leopard geckos
  7 orcs
  5 giant cockroaches
  5 goblins
  7 hobgoblins
  2 jackals (D:3)
  4 kobolds
  A quokka (D:4)
  2 ball pythons (D:4)
  A ball python skeleton (D:4)
  8 bats
  2 frilled lizards
  8 rats
85 creatures vanquished.

Notes
Turn   | Place    | Note
-------+----------+-------------------------------------------
     0 | D:1      | Kejsarherre the Demonspawn Monk began the quest for the Orb.
     0 | D:1      | Reached XP level 1. HP: 18/18 MP: 1/1
    43 | D:1      | Gained mutation: You have sharp fingernails. [demonic ancestry]
    43 | D:1      | Reached XP level 2. HP: 10/24 MP: 2/2
   461 | D:1      | Reached skill level 4 in Fighting
   510 | D:2      | Gained mutation: You are slightly more attuned to the shadows. [demonic ancestry]
   510 | D:2      | Reached XP level 3. HP: 17/30 MP: 3/3
   634 | D:2      | Noticed Jessica
   640 | D:2      | Killed Jessica
  1008 | D:2      | Reached XP level 4. HP: 38/38 MP: 4/4
  1013 | D:2      | Found a bloodstained altar of Trog.
  1039 | D:2      | Reached skill level 5 in Fighting
  1262 | D:2      | Found an opulent altar of Gozag.
  1264 | D:2      | Found a glowing silver altar of Zin.
  1439 | D:4      | Noticed an ogre
  1453 | D:4      | Reached XP level 5. HP: 42/46 MP: 5/5
  1461 | D:4      | Killed an ogre
  1461 | D:4      | Reached skill level 6 in Fighting
  1557 | D:4      | Reached skill level 7 in Fighting
  1557 | D:4      | Reached XP level 6. HP: 33/55 MP: 6/6
  2203 | D:3      | Found a deep blue altar of Sif Muna.
  2246 | D:3      | Found a faded altar of an unknown god.
  2394 | D:3      | Noticed Tegun's ghost (amateur OgSk)
  2410 | D:3      | Killed Tegun's ghost
  2826 | D:4      | Reached skill level 8 in Fighting
  2846 | D:4      | Gained mutation: You have a pair of small antennae on your head. [demonic ancestry]
  2846 | D:4      | Reached XP level 7. HP: 58/62 MP: 7/7
  3065 | D:4      | Noticed Timinator's ghost (amateur GrEE)
  3076 | D:4      | Killed Timinator's ghost
  3154 | D:4      | Reached skill level 9 in Fighting
  3576 | D:4      | HP: 2/64 [killer bee (6)]
  3577 | D:4      | Slain by a killer bee

Skill      XL: |  1  2  3  4  5  6  7 |
---------------+----------------------+-----
Fighting       | 4 5 7 8 9 |  9.1
Long Blades    | |  2.6
Dodging        | |  2.6
Stealth        | |  1.7

Action                   |  1- 3 |  4- 6 |  7- 9 || total
-------------------------+-------+-------+-------++-------
Melee: Falchion          |    62 |   119 |       ||   181
       Dagger            |       |     5 |    11 ||    16
 Fire: Hunting sling     |     1 |    28 |    59 ||    88
Throw: Stone             |       |     1 |       ||     1
Evoke: Wand              |       |     1 |       ||     1
  Use: Potion            |     1 |       |       ||     1
       Scroll            |       |     8 |       ||     8
 Stab: Sleeping          |     4 |     7 |       ||    11
  Eat: Chunk             |       |     5 |     2 ||     7
Armor: Robe              |     9 |    19 |     9 ||    37
       Skin              |    23 |       |       ||    23
Dodge: Dodged            |    36 |   128 |    52 ||   216
       Rpst.: Falchion   |    17 |    39 |       ||    56
